 Dungeon Crawl Stone Soup version 0.30.0-29-ga12c61a403 (webtiles) character file.

Game seed: 2989773797938154768

3842 Ijustatesigmund the Tainter (level 10, -8/63 HPs)
             Began as an Octopode Venom Mage on June 13, 2023.
             Was a Priest of Cheibriados.
             Mangled by a two-headed ogre
             ... wielding a +0 giant spiked club
              (22 damage)
             ... on level 9 of the Dungeon on June 14, 2023.
             The game lasted 00:19:32 (11435 turns).

Ijustatesigmund the Tainter (Octopode Venom Mage)  Turns: 11435, Time: 00:19:33

Health: -8/63      AC:  3    Str: 14    XL:     10   Next: 18%
Magic:  13/19      EV: 28    Int: 31    God:    Cheibriados [***...]
Gold:   358        SH:  0    Dex: 17    Spells: 11/21 levels left

rFire   + . .        e - staff of poison
rCold   . . .        (no shield)
rNeg    . . .        (helmet restricted)
rPois   +            o - amulet of the acrobat
rElec   +            w - ring of poison resistance
rCorr   .            n - ring of protection from fire
SInv    .            (no ring)
Will    .....        (no ring)
Stlth   +++          (no ring)
HPRegen 0.30/turn    (no ring)
MPRegen 0.16/turn    (no ring)
                     (no ring)

%: acrobat
@: acrobatic, very slow
A: almost no armour, amphibious, 8 rings, camouflage 1, gelatinous body 1,
(nimble swimmer 1), tentacles, iridescent scales 1, clever 1, electricity
resistance
a: Renounce Religion, Bend Time, Temporal Distortion


You were on level 9 of the Dungeon.
You worshipped Cheibriados.
Cheibriados was most pleased with you.
You visited 2 branches of the dungeon, and saw 10 of its levels.

You collected 468 gold pieces.
You spent 110 gold pieces at shops.

Inventory:

Hand Weapons
 d - a +1 flail of holy wrath
Magical Staves
 e - a staff of poison (weapon)
Jewellery
 c - a +6 ring of strength
 n - a ring of protection from fire (right tentacle)
 o - an amulet of the acrobat (around mantle)
 u - an amulet of regeneration
 w - a ring of poison resistance (left tentacle)
 C - a +5 ring of evasion
Wands
 h - a wand of polymorph (12)
Scrolls
 a - 2 scrolls of blinking
 f - 2 scrolls of fear
 i - 2 scrolls of poison
 k - 2 scrolls of amnesia
 m - 2 scrolls of enchant armour
 r - 2 scrolls of magic mapping
 s - a scroll of teleportation
Potions
 b - 3 potions of mutation
 l - a potion of attraction
 p - 2 potions of might
 q - a potion of degeneration {unknown}
 t - a potion of ambrosia {unknown}
 v - a potion of resistance {unknown}
 z - a potion of cancellation {unknown}


   Skills:
 - Level 4.0 Fighting
 - Level 2.5 Staves
 - Level 2.0 Dodging
 - Level 2.6 Stealth
 + Level 6.1 Spellcasting
 + Level 5.9 Conjurations
 - Level 1.0 Transmutations
 + Level 6.2 Air Magic
 + Level 8.5 Poison Magic
 + Level 4.6 Invocations


You had 11 spell levels left.
You knew the following spells:

 Your Spells              Type           Power      Damage    Failure   Level
a - Sting                 Tmut/Pois      100%       1d8       1%          1
b - Poisonous Vapours     Pois/Air       100%       N/A       1%          2
c - Mephitic Cloud        Conj/Pois/Air  68%        N/A       1%          3
d - Olgreb's Toxic Radia  Pois           76%        N/A       1%          4

Your spell library contained the following spells:

 Spells                   Type           Power      Damage    Failure   Level
 Spider Form              Tmut/Pois      56%        N/A       1%          3
 Ensorcelled Hibernation  Hex/Ice        18%        N/A       8%          2
 Anguish                  Hex/Necr       4%         N/A       43%         4


Dungeon Overview and Level Annotations

Branches:
Dungeon (9/15)             Temple (1/1) D:5
   Lair: D:8-11         Orc: D:9-12

Altars:
Ashenzari
Cheibriados
Dithmenos
Fedhas
Gozag
Hepliaklqana
Kikubaaqudgha
Makhleb
Nemelex Xobeh
Okawaru
Qazlal
Ru
Sif Muna
Trog
Uskayaw
Vehumet
Wu Jian
Yredelemnul
Zin
The Shining One

Shops:
D:4 *?[   D:8 =

Annotations:
D:8 exclusion: oklob plant


Innate Abilities, Weirdness & Mutations

You cannot wear most types of armour.
You are amphibious.
You can wear up to eight rings at the same time.
Your skin changes colour to match your surroundings (Stealth+).
Your rubbery body absorbs attacks. (AC +1, EV +1)
((You are camouflaged when in or above water. (Stealth+)))
You have tentacles for arms and can constrict up to eight enemies at once.
You are partially covered in iridescent scales. (AC +2)
Your mind is acute. (Int +4, Str/Dex -1)
You are resistant to electric shocks. (rElec)


Message History

Your toxic aura wanes.
A killer bee comes into view.
The orc warrior misses you. The two-headed ogre misses you.
The two-headed ogre hits you with a +0 giant spiked club!!
The killer bee moves out of view.
You kill the killer bee!
Cheibriados thoroughly appreciates the change of pace.
You can now warp the flow of time around you.
The orc warrior misses you.
You see here a +0 flail.
The two-headed ogre attacks as you move away!
The two-headed ogre closely misses you.
The two-headed ogre hits you with a +0 giant spiked club!!
* * * LOW HITPOINT WARNING * * *
The orc warrior attacks as you move away!
The orc warrior misses you. The orc warrior barely misses you.
Cheibriados thoroughly appreciates the change of pace.
You feel a bit more experienced.
The two-headed ogre looks more healthy.
You kill the orc warrior!
Cheibriados appreciates the change of pace.
The orc warrior completely misses you.
Casting: Olgreb's Toxic Radiance (dangerous; 1% risk of failure)
Confirm with . or Enter, or press ? or * to list all spells.
You feel a surge of power!
You begin to radiate toxic energy.
The killer bee is poisoned.
The two-headed ogre is poisoned.
The killer bee looks even sicker.
The orc warrior looks even sicker.
The orc warrior hits you with a +0 flail!
* * * LOW HITPOINT WARNING * * *
You kill the killer bee!
Cheibriados thoroughly appreciates the change of pace.
The orc warrior looks even sicker.
You kill the orc warrior!
Cheibriados thoroughly appreciates the change of pace.
The two-headed ogre looks even sicker.
The two-headed ogre looks even sicker.
Your toxic aura wanes.
The two-headed ogre completely misses you.
The two-headed ogre barely misses you. The two-headed ogre closely misses you.
The two-headed ogre hits you with a +0 giant spiked club!!
You die...

##.... ... ##... .#..
#.... ...# ##.... #..
..).†##.# #.y#.<#
...##....##
....[.).#############
........).)..@.......
.#.#.)....##O........
....................
...#.......#.........
## #.......##########
#........ ####.#####
..


You could see a two-headed ogre (very poisoned).

Vanquished Creatures
  3 yaks (D:8)
  2 steam dragons (D:8)
  A chaos spawn (D:6)
  A water moccasin (D:5)
  A black bear (D:5)
  A sky beast (D:7)
  3 orc warriors
  An ogre (D:4)
  A centaur (D:8)
  A kobold brigand (D:7)
  A bullfrog (D:8)
  A gnoll sergeant (D:5)
  3 scorpions
  7 wights
  8 killer bees
  7 howler monkeys
  3 jellies
  5 hounds
  4 orc priests (D:8)
  6 iguanas
  6 orc wizards
  11 gnolls
  5 adders
  2 shadow imps
  3 white imps
  3 worms
  2 dart slugs
  33 orcs
  7 ball pythons
  2 bats
  2 endoplasms
  5 giant cockroaches
  12 goblins
  8 hobgoblins
  4 quokkas
  2 frilled lizards
  10 kobolds
  4 rats
181 creatures vanquished.

Notes
Turn   | Place    | Note
-------+----------+-------------------------------------------
     0 | D:1      | Ijustatesigmund the Octopode Venom Mage began the quest for
                  | the Orb.
     0 | D:1      | Reached XP level 1. HP: 11/11 MP: 3/3
    22 | D:1      | You fall into a shaft and drop 1 floor!
   332 | D:2      | Reached XP level 2. HP: 13/18 MP: 1/5
   377 | D:2      | Learned a level 2 spell: Poisonous Vapours
   618 | D:1      | Reached skill level 4 in Poison Magic
   719 | D:1      | Reached skill level 1 in Fighting
  1002 | D:1      | Reached XP level 3. HP: 23/23 MP: 3/6
  1056 | D:1      | Learned a level 3 spell: Mephitic Cloud
  1442 | D:2      | Reached skill level 1 in Air Magic
  1687 | D:2      | Reached XP level 4. HP: 27/28 MP: 0/7
  1768 | D:2      | Identified the +2 helmet of Beloved Joy {Harm rF- rN++
                  | rCorr}
  1840 | D:2      | Gained mutation: Your mind is acute. (Int +4, Str/Dex -1)
                  | [potion of mutation]
  1840 | D:2      | Gained mutation: You are partially covered in iridescent
                  | scales. (AC +2) [potion of mutation]
  1840 | D:2      | Gained mutation: You are resistant to electric shocks.
                  | (rElec) [potion of mutation]
  1872 | D:2      | Reached skill level 1 in Conjurations
  3416 | D:4      | Noticed an ogre
  3416 | D:4      | Found Oneim's General Store.
  3533 | D:4      | Noticed a scorpion
  3541 | D:4      | Reached XP level 5. HP: 5/33 MP: 9/9
  3574 | D:4      | Killed an ogre
  3575 | D:4      | Reached skill level 5 in Poison Magic
  3575 | D:4      | Reached XP level 6. HP: 16/38 MP: 4/11
  4091 | D:4      | Found Rathy's Antique Armour Shoppe.
  4361 | D:4      | Found Bodiep's Magic Scroll Emporium.
  4367 | D:4      | Bought a scroll of identify for 22 gold pieces
  4367 | D:4      | Bought a scroll of identify for 22 gold pieces
  4367 | D:4      | Bought a scroll of identify for 22 gold pieces
  4367 | D:4      | Bought a scroll of poison for 44 gold pieces
  4732 | D:5      | Entered Level 5 of the Dungeon
  4844 | D:5      | Noticed a water moccasin
  4950 | D:5      | Noticed a black bear
  4959 | D:5      | Reached skill level 1 in Staves
  4959 | D:5      | Reached XP level 7. HP: 36/43 MP: 8/12
  5182 | D:5      | Learned a level 4 spell: Olgreb's Toxic Radiance
  5259 | D:5      | Found a staircase to the Ecumenical Temple.
  5265 | D:5      | Identified the +2 pair of gloves of the Blacksmith {Drain
                  | rF++ Slay+6}
  5276 | Temple   | Entered the Ecumenical Temple
  5305 | D:5      | Reached skill level 6 in Poison Magic
  5372 | D:5      | HP: 1/43 [gnoll/+0 spear (9)]
  5647 | D:5      | Reached XP level 8. HP: 14/48 MP: 8/14
  5918 | D:5      | HP: 2/48 [water moccasin (8)]
  6348 | Temple   | Became a worshipper of Cheibriados the Contemplative
  7177 | D:6      | Reached skill level 1 in Invocations
  7190 | D:6      | Noticed Grinder
  7199 | D:6      | Paralysed by Grinder for 4 turns
  7427 | D:6      | Grinder changed into Grinder the chaos spawn
  7427 | D:6      | Noticed Grinder
  7432 | D:6      | Killed Grinder the chaos spawn
  8071 | D:7      | Reached skill level 7 in Poison Magic
  8461 | D:7      | Reached * piety under Cheibriados
  8525 | D:7      | Reached skill level 5 in Spellcasting
  8525 | D:7      | Reached XP level 9. HP: 37/55 MP: 12/16
  8759 | D:7      | Reached skill level 5 in Air Magic
  9144 | D:7      | Found a shadowy altar of Dithmenos.
  9209 | D:8      | Found Tuplud's Jewellery Emporium.
  9596 | D:8      | Reached skill level 5 in Conjurations
  9607 | D:8      | Found a blossoming altar of Fedhas.
  9790 | D:8      | Reached ** piety under Cheibriados
 10148 | D:8      | Reached skill level 8 in Poison Magic
 10355 | D:8      | Reached XP level 10. HP: 27/63 MP: 8/18
 11383 | D:8      | Noticed an oklob plant
 11423 | D:9      | Noticed a two-headed ogre
 11428 | D:9      | Reached *** piety under Cheibriados
 11435 | D:9      | Mangled by a two-headed ogre

Illustrated notes

Levels and vault maps discovered:
D:1:      heliophobic_arrival_battle_scene, layout_loops_ring
D:2:      layout_rooms, serial_bayou, serial_bayou_pond_e, serial_bayou_pond_b,
          serial_bayou_pond_e, serial_bayou_pond_e, serial_bayou_crossing,
          chequers_serial_rivers_marsh, minmay_quadrilaterals
D:3:      layout_basic
D:4:      layout_basic, serial_shops, shop, shop, nicolae_shop_real_fake_doors
D:5:      layout_basic, minmay_temple_entry_statues_pillars
D:6:      layout_loops_corners, uniq_grinder
D:7:      layout_gridville, grunt_dithmenos_shadows
D:8:      layout_basic, tgw_fedhas, serial_shops, nicolae_shop_gaudy_bauble,
          minmay_starry_boxes
D:9:      layout_rooms, xom_shifter_show,
          kennysheep_orc_monster_closet_entryway, nicolae_underground_beach
Temple:   nicolae_temple_no_exploring_needed

Skill      XL: |  1  2  3  4  5  6  7  8  9 10 |
---------------+-------------------------------+-----
Poison Magic   | 4 5 6 7 8 |  8.5
Fighting       | 1 2 4 |  4.0
Air Magic      | 1 2 3 4 5 6 |  6.2
Conjurations   | 1 2 3 4 5 |  5.9
Spellcasting   | 3 4 5 6 |  6.1
Staves         | 1 2 |  2.5
Invocations    | 2 4 |  4.6
Dodging        | |  2.0
Stealth        | |  2.6
Transmutations | |  1.0

Action                     |  1- 3 |  4- 6 |  7- 9 | 10-12 || total
---------------------------+-------+-------+-------+-------++-------
  Melee: Unarmed           |    31 |     4 |       |       ||    35
         Constrict         |    12 |    13 |    38 |     4 ||    67
         Tentacles         |    13 |    25 |    57 |     6 ||   101
         Staff             |       |    60 |   198 |    15 ||   273
         Punch             |       |       |     2 |     2 ||     4
   Cast: Sting             |    25 |     4 |     4 |       ||    33
         Poisonous Vapours |    10 |    46 |    26 |       ||    82
         Mephitic Cloud    |       |     1 |     1 |       ||     2
         Olgreb's Toxic Ra |       |       |    26 |     2 ||    28
  Evoke: Wand              |       |       |     2 |       ||     2
    Use: Scroll            |       |     7 |     6 |    14 ||    27
         Potion            |       |     3 |     7 |     2 ||    12
   Stab: Sleeping          |       |     1 |     3 |       ||     4
 Armour: Skin              |       |    11 |    24 |       ||    35
  Dodge: Dodged            |    16 |    49 |   159 |    24 ||   248
